 Dungeon Crawl Stone Soup version 0.25.1-2-g60ff931df9 (webtiles) character file.

Game seed: 4703528901966221971

290 DearestLeader the Conjurer (level 6, -4/32 HPs)
             Began as a Deep Elf Conjurer on Sept 12, 2020.
             Slain by a killer bee (6 damage)
             ... on level 4 of the Dungeon.
             The game lasted 00:08:28 (3677 turns).

DearestLeader the Conjurer (Deep Elf Conjurer)      Turns: 3677, Time: 00:08:29

Health: -4/32      AC:  3    Str:  5    XL:     6   Next: 9%
Magic:  2/13       EV: 13    Int: 22    God:
Gold:   99         SH:  0    Dex: 15    Spells: 1/11 levels left

rFire    . . .     SeeInvis .   f - +2 dagger (drain)
rCold    . . .     Gourm    .   (no shield)
rNeg     + . .     Faith    .   a - +1 robe
rPois    .         Spirit   .   (no helmet)
rElec    .         Reflect  .   (no cloak)
rCorr    .         Harm     .   (no gloves)
MR       .....     Rnd*Tele +   (no boots)
Stlth    ++........             (no amulet)
HPRegen  0.10/turn              j - ring of positive energy
MPRegen  0.13/turn              l - ring of teleportation (curse)

@: lethally poisoned (-4 -> -7)
A: no striking features
a: no special abilities


You were on level 4 of the Dungeon.
You were not hungry.

You visited 1 branch of the dungeon, and saw 4 of its levels.

You collected 99 gold pieces.

Inventory:

Hand Weapons
 f - a +2 dagger of draining (weapon)
Armour
 a - a +1 robe (worn)
Jewellery
 j - a ring of positive energy (left hand)
 l - a cursed ring of teleportation (right hand)
 n - an uncursed ring of protection from cold {unknown}
Wands
 m - a wand of flame (14)
Scrolls
 h - a scroll of teleportation
 o - 2 scrolls of magic mapping
Potions
 b - 2 potions of curing
 d - a potion of resistance
 e - 2 potions of might {unknown}
 i - a potion of degeneration {unknown}
 k - 2 potions of heal wounds {unknown}
Comestibles
 c - 8 rations
 g - 9 chunks of flesh


   Skills:
 + Level 3.2 Dodging
 - Level 2.4 Stealth
 + Level 3.4 Spellcasting
 * Level 7.7 Conjurations


You had one spell level left.
You knew the following spells:

 Your Spells              Type           Power        Failure   Level  Hunger
a - Magic Dart            Conj           ####         1%          1    None
b - Iskenderun's Mystic   Conj/Tloc      ###.....     24%         4    ####...
c - Searing Ray           Conj           #####.       1%          2    ##.....
d - Dazzling Flash        Conj/Hex       ###...       8%          3    ###....

Your spell library contained the following spells:

 Spells                   Type           Power        Failure   Level  Hunger
 Fulminant Prism          Conj/Hex       ###.......   24%         4    ####...


Dungeon Overview and Level Annotations

Branches:
Dungeon (4/15)
 Temple: D:4-7

Altars:
Fedhas
Makhleb

Annotations:
D:3 1 runed translucent door, Crazy Yiuf
D:4 Dowan, Duvessa


Message History

g - 9 chunks of flesh (gained 2)
You feel strangely unstable.
You are suddenly yanked towards some nearby monsters!
Your surroundings suddenly seem different.
Duvessa, Sister of Dowan comes into view.
She is wielding a +0 rapier.
Found 21 arrows and a leather armour.
Dowan, Brother of Duvessa comes into view.
He is wielding a +0 dagger.
Dowan moves out of view.
The killer bee barely misses you.
The killer bee stings you but does no damage.
The killer bee barely misses you. The killer bee closely misses you.
The killer bee stings you.
You are poisoned.
The killer bee poisons you! The killer bee stings you!
* * * LOW HITPOINT WARNING * * *
There is a stone staircase leading down, spattered with blood here.
* * * LOW HITPOINT WARNING * * *
You feel sick. The killer bee misses you. The killer bee barely misses you.
The killer bee stings you.
You die...

...####.####(####....(......e
#.....).........####..##..#
...#####.##..................
#..####.# ......#....#.####.
#.....(# #..##e#.[#.#
#####..## #.......## #
##..####..###.## # ##...#yy.#
#.# #. ###..@#.###.# #.###
###......#..# ...#
###...###....## #.#####...###
##...# ###..#....### ....#
#......#### ...... ##.##.###
...#.. ......##### ..
..........# ..#


You could see Duvessa and 2 killer bees.

Vanquished Creatures
  A killer bee (D:4)
  Jessica (D:3)
  A worker ant (D:4)
  Natasha (thrice) (D:3)
  A hound skeleton (D:3)
  4 adders
  An adder skeleton (D:4)
  3 dart slugs
  5 leopard geckos
  2 orcs
  6 giant cockroaches
  5 goblins
  4 hobgoblins
  2 quokkas
  A ball python (D:2)
  12 bats
  10 kobolds
  A quokka skeleton (D:4)
  3 rats
66 creatures vanquished.

Vanquished Creatures (others)
  A leopard gecko (D:4)
1 creature vanquished.

Grand Total: 67 creatures vanquished

Notes
Turn   | Place    | Note
-------+----------+-------------------------------------------
     0 | D:1      | DearestLeader the Deep Elf Conjurer began the quest for the
                  | Orb.
     0 | D:1      | Reached XP level 1. HP: 10/10 MP: 6/6
   190 | D:1      | Reached XP level 2. HP: 15/15 MP: 5/8
   300 | D:1      | Reached skill level 5 in Conjurations
  1034 | D:2      | Reached XP level 3. HP: 19/19 MP: 5/9
  1483 | D:2      | Reached skill level 6 in Conjurations
  1801 | D:2      | Reached XP level 4. HP: 21/24 MP: 6/10
  1807 | D:2      | Learned a level 4 spell: Iskenderun's Mystic Blast
  1810 | D:2      | Learned a level 2 spell: Searing Ray
  2076 | D:3      | Noticed Jessica
  2079 | D:3      | Killed Jessica
  2120 | D:3      | Found a runed translucent door.
  2121 | D:3      | Noticed Crazy Yiuf
  2303 | D:3      | Noticed Natasha
  2308 | D:3      | Killed Natasha
  2582 | D:3      | Found a burning altar of Makhleb.
  2587 | D:3      | Noticed Natasha
  2593 | D:3      | Killed Natasha
  2593 | D:3      | Reached skill level 7 in Conjurations
  2593 | D:3      | Reached XP level 5. HP: 14/28 MP: 5/11
  2598 | D:3      | Learned a level 3 spell: Dazzling Flash
  2958 | D:3      | Noticed Natasha
  2964 | D:3      | Killed Natasha
  3629 | D:4      | Found a blossoming altar of Fedhas.
  3657 | D:4      | Reached XP level 6. HP: 14/32 MP: 0/13
  3667 | D:4      | Noticed Duvessa
  3668 | D:4      | Noticed Dowan
  3677 | D:4      | Slain by a killer bee

Illustrated notes

Levels and vault maps discovered:
D:1:      minmay_arrival_nine_rooms, layout_loops_ring, serial_glass,
          glass_columns_a, glass_columns_a
D:2:      layout_loops_ring, grunt_ministairs_11, minmay_box_of_dots
D:3:      layout_loops_cross, bloody_makhleb, uniq_crazy_yiuf_cottage,
          uniq_natasha, uniq_jessica
D:4:      layout_rooms, xom_confusion_cloud, old_standard_altar, first_ration,
          uniq_duvessa

Skill      XL: |  1  2  3  4  5 |
---------------+----------------+-----
Conjurations   | 5 6 7 |  7.7
Dodging        | 3 |  3.2
Stealth        | |  2.4
Spellcasting   | |  3.4

Action                   |  1- 3 |  4- 6 || total
-------------------------+-------+-------++-------
Melee: Dagger            |     2 |     7 ||     9
 Cast: Magic Dart        |    63 |    84 ||   147
  Use: Scroll            |     3 |     7 ||    10
       Potion            |       |     1 ||     1
  Eat: Chunk             |     2 |     6 ||     8
Armor: Robe              |       |     7 ||     7
Dodge: Dodged            |     4 |    24 ||    28
